Banto, lawful female dwarven Valkyrie ---------- |........+ ------------ |........| -- |..........| |........| |. |..........| |.........# |.......# ##...........| ------.---# |. # # |..........| ## [ -| ### ## ### |..........| # # # # # # ------------ # # # # ### # ### -------|----# # ############%########### # |.....@@...|# # # ### -|-.-- ### |!!!!!!m]!!|### # ----.- |....| # |!!!!!!!!!!| # ---.------ |......| |<...-#### ------------ ##-.......#| |......| |....| |........| |......| ------ |.......(+ ------- ---------- Banto the Fighter Experience level: 6 Strength: 18 Dexterity: 15 Constitution: 16 Intelligence: 10 Wisdom: 10 Charisma: 7 Health: 0(48) Energy: 5(5) AC: 5 Gold: 588 Moves: 2994 Your Inventory: Coins $ - 588 gold pieces Weapons a - an uncursed very corroded +1 long sword (weapon in hand) b - an uncursed +0 dagger Armor c - an uncursed +3 small shield (being worn) f - an [uncursed] +0 orcish helm (being worn) Comestibles o - 3 [uncursed] food rations s - an [uncursed] fortune cookie Scrolls h - a [cursed] scroll labeled FNORD [of genocide] i - 3 [uncursed] scrolls labeled VAS CORP BET MANI [of identify] v - a [cursed] scroll labeled VAS CORP BET MANI [of identify] Potions q - an [uncursed] ruby potion [of extra healing] w - 2 [cursed] clear potions [of unholy water] Tools l - an [uncursed] blindfold Gems m - an [uncursed] green gem [worthless glass] Spells known in the end: Name Level Category Fail Memory Your skills at the end: Fighting Skills Weapon Skills dagger [Basic / Expert] long sword [Basic / Expert] Spellcasting Skills Final Attributes: You were piously aligned. Hunger level was 115. Your alignment was 23 / 24. Monster difficulty range was 0 - 5. Level difficulty was 5. You were immune to cold. You were telepathic. You had infravision. You were stealthy. You aggravated monsters. You were held by a large mimic. Your luck was zero. You are dead (2nd time!). Vanquished creatures: a leprechaun a dog an imp a rock mole a pony a yellow light a shrieker a kobold mummy a little dog 5 floating eyes 2 homunculi 2 rothes 2 iguanas 2 acid blobs 2 coyotes 2 gas spores 2 hobgoblins 4 jackals 2 foxes 4 kobolds 4 goblins 3 grid bugs a bat a lichen a kobold zombie 7 newts 55 creatures vanquished. Voluntary challenges: You were illiterate. You used a wielded weapon 81 times. You put on armor 2 times. You never genocided any monsters. You never polymorphed an object. You never changed form. You used no wishes. You never wrote Elbereth's name. You never encountered a bones level. You never used any Sokoban shortcuts. Dungeon overview: The Dungeons of Doom: levels 1 to 5 Level 1 a long staircase Level 3 a general store, an altar to Tyr a long staircase Level 4 a potion shop, an altar to Tyr Level 5 <- You were here a potion shop, a sink History has recorded: On T:1 you entered the Dungeons of Doom to retrieve the Amulet of Yendor! On T:217 you advanced to experience level 2. On T:433 you reached level 2 of The Dungeons of Doom. On T:453 you advanced to experience level 3. On T:608 you advanced to experience level 4. On T:1284 you advanced to experience level 5. On T:1399 you reached level 3 of The Dungeons of Doom. On T:1822 you advanced to experience level 6. On T:2050 you reached level 4 of The Dungeons of Doom. On T:2562 you reached level 5 of The Dungeons of Doom. On T:2624 you were saved from death by your amulet of life saving! Latest messages: You don't have that object. You drop a green gem. Krnov seems uninterested. m - a green gem. Wait! That's a large mimic! The large mimic hits! [HP-6=16] You hit the large mimic. [HP+1=17] You hit the large mimic! (2x) You hit the large mimic. The large mimic hits! [HP-8=9] You hit the large mimic. You miss the large mimic. You hit the large mimic. [HP+1=10] You hit the large mimic! The large mimic hits! You die... Krnov gratefully inherits all your possessions. Final status: Farvel Banto the Valkyrie... You died in The Dungeons of Doom on dungeon level 5 with 2686 points, and 588 pieces of gold, after 2994 moves. You were level 6 with a maximum of 48 hit points when you died.